 Dungeon Crawl Stone Soup version 0.30-a0-377-g5cb311bc9f (webtiles) character file.

Game seed: 5660586197983454056

78 Angani the Trooper (level 4, 0/40 HPs)
             Began as a Draconian Warper on Dec 1, 2022.
             Slain by a gnoll
             ... wielding a +0 spear
              (5 damage)
             ... on level 3 of the Dungeon.
             The game lasted 00:04:53 (1786 turns).

Angani the Trooper (Draconian Warper)               Turns: 1786, Time: 00:04:53

Health: 0/40       AC:  5    Str: 20    XL:     4   Next: 15%
Magic:  8/8        EV: 12    Int: 15    God:
Gold:   111        SH:  0    Dex: 10    Spells: 7/9 levels left

rFire   . . .      SeeInvis +    a - +0 short sword
rCold   . . .      Faith    .    (no shield)
rNeg    . . .      Spirit   .    (body armour unavailable)
rPois   .          Reflect  .    (helmet restricted)
rElec   .          Harm     .    (no cloak)
rCorr   .          Rampage  .    (no gloves)
Will    +....                    (no boots)
Stlth   +.........               (no amulet)
HPRegen 0.26/turn                i - ring of see invisible
MPRegen 0.11/turn                b - +6 ring of strength

@: about to teleport
A: AC +5, unfitting armour, cold-blooded, strong-willed 1, devolution 1
a: no special abilities


You were on level 3 of the Dungeon.
You visited 1 branch of the dungeon, and saw 3 of its levels.

You collected 111 gold pieces.

Inventory:

Hand Weapons
 a - a +0 short sword (weapon)
Missiles
 c - 2 boomerangs of dispersal (quivered)
 l - 4 poisoned darts
Magical Staves
 d - a staff of earth
Jewellery
 b - a +6 ring of strength (right hand)
 i - a ring of see invisible (left hand)
Scrolls
 h - a scroll of vulnerability {unknown}
 j - a scroll of enchant armour {unknown}
 k - a scroll of identify {unknown}


   Skills:
 + Level 3.8 Fighting
 - Level 2.0 Short Blades
 - Level 0.8 Throwing
 - Level 2.1 Dodging
 + Level 3.2 Spellcasting
 - Level 3.0 Translocations


You had 7 spell levels left.
You knew the following spells:

 Your Spells              Type           Power      Damage    Failure   Level
a - Blink                 Tloc           22%        N/A       9%          2

Your spell library contained the following spells:

 Spells                   Type           Power      Damage    Failure   Level
 Lesser Beckoning         Tloc           22%        N/A       17%         3
 Teleport Other           Tloc           11%        N/A       17%         3
 Vhi's Electric Charge    Tloc/Air       12%        N/A       32%         3
 Manifold Assault         Tloc           11%        N/A       50%         4
 Iskenderun's Battlesphe  Conj           2%         2d6       99%         5
 Iron Shot                Conj/Erth      1%         9d1       100%        6
 Spellforged Servitor     Conj/Summ      1%         N/A       100%        7


Dungeon Overview and Level Annotations

Branches:
Dungeon (3/15)

Altars:

Shops:
D:1 [

Annotations:
D:2 1 runed translucent door, Crazy Yiuf, Sigmund


Innate Abilities, Weirdness & Mutations

Your plain brown scales are hard. (AC +5)
You cannot fit into any form of body armour.
You are cold-blooded and may be slowed by cold attacks.
You are strong-willed. (Will+)
You have hidden genetic defects.


Message History

The gnoll hits you from afar with a +0 spear.
The gnoll hits you with a +0 spear.
Unknown command.
You hit the gnoll.
The gnoll is moderately wounded.
The gnoll barely misses you.
You closely miss the gnoll.
The gnoll is moderately wounded.
The gnoll barely misses you.
You hit the gnoll. You tail-slap the gnoll.
The gnoll is almost dead.
You hit the gnoll but do no damage. You tail-slap the gnoll.
The gnoll is lightly wounded.
The gnoll hits you from afar with a +0 spear.
You hit the gnoll.
The gnoll is heavily wounded.
The gnoll hits you with a +0 club!
The gnoll hits you from afar with a +0 spear.
You hit the gnoll.
The gnoll is heavily wounded.
The gnoll hits you from afar with a +0 spear.
The gnoll misses you. The gnoll attacks as you move away!
The gnoll hits you with a +0 club. The gnoll attacks as you move away!
The gnoll hits you with a +0 club.
* * * LOW HITPOINT WARNING * * *
The gnoll attacks as you move away! The gnoll hits you with a +0 club.
* * * LOW HITPOINT WARNING * * *
It was a potion of magic.
Magic courses through your body. The gnoll closely misses you.
It was a potion of mutation.
You feel extremely strange.
You feel a hidden malignance growing inside you.
You feel strong-willed. The gnoll hits you with a +0 club.
* * * LOW HITPOINT WARNING * * *
The gnoll closely misses you.
Unknown command.
As you read the scroll labelled EFAOXO SOFITH, it crumbles to dust.
You feel strangely unstable.
It was a scroll of teleportation.
The gnoll hits you from afar with a +0 spear.
You die...

##################
.................#
.###############.#
.# #.# .# #.# .#
#.# .# #.# .# #.#
.# #@# ># #g# .#
#########g# .#
....ggg.gg# .#
.########## .# .#
.# .#


You could see 4 gnolls.

Vanquished Creatures
  A gnoll (D:1)
  3 adders (D:2)
  A dart slug (D:2)
  9 bats
  An endoplasm (D:1)
  A giant cockroach (D:2)
  3 goblins
  4 hobgoblins
  7 kobolds
  3 ball pythons
  2 frilled lizards (D:2)
  5 rats
40 creatures vanquished.

Notes
Turn   | Place    | Note
-------+----------+-------------------------------------------
     0 | D:1      | Angani the Draconian Warper began the quest for the Orb.
     0 | D:1      | Reached XP level 1. HP: 17/17 MP: 3/3
   199 | D:1      | Reached XP level 2. HP: 24/25 MP: 5/5
   209 | D:1      | HP: 1/25 [gnoll/+0 club (6)]
   659 | D:1      | Found Rukeom's Armour Shop.
   694 | D:1      | Learned a level 2 spell: Blink
   870 | D:2      | Reached XP level 3. HP: 31/31 MP: 7/7
  1126 | D:2      | Found a runed translucent door.
  1127 | D:2      | Noticed Crazy Yiuf
  1324 | D:2      | Reached XP level 4. HP: 30/40 MP: 8/8
  1584 | D:2      | Noticed Sigmund
  1785 | D:3      | Gained mutation: You have hidden genetic defects. [potion
                  | of mutation]
  1785 | D:3      | Gained mutation: You are strong-willed. (Will+) [potion of
                  | mutation]
  1786 | D:3      | Slain by a gnoll

Illustrated notes

Levels and vault maps discovered:
D:1:      dpeg_arrival_concentric_ovals, layout_basic, serial_shops,
          nicolae_shop_statue_plus
D:2:      layout_basic, serial_rivers, chequers_serial_rivers_micro_c,
          chequers_serial_rivers_small_b, chequers_serial_rivers_micro_e,
          chequers_serial_rivers_micro_d, minmay_tromino_v4_b, uniq_sigmund,
          uniq_crazy_yiuf_cottage
D:3:      layout_basic, ebering_ghost_inner_flame, grunt_ministairs_11

Skill      XL: |  1  2  3 |
---------------+----------+-----
Fighting       | 3 |  3.8
Spellcasting   | 3 |  3.2
Short Blades   | |  2.0
Throwing       | |  0.8
Dodging        | |  2.1
Translocations | |  3.0

Action                   |  1- 3 |  4- 6 || total
-------------------------+-------+-------++-------
Melee: Short sword       |   171 |    15 ||   186
       Tailslap          |    15 |     2 ||    17
       Punch             |     3 |       ||     3
Throw: Dart              |     3 |     4 ||     7
       Boomerang         |       |     5 ||     5
  Use: Scroll            |     1 |     1 ||     2
       Potion            |       |     2 ||     2
Armor: Skin              |    81 |     5 ||    86
Dodge: Dodged            |   141 |    12 ||   153

Table legend: (Time is in decaauts)
 A = Elapsed time spent in this place.
 B = Non-inter-level travel time spent in this place.
 C = Inter-level travel time spent in this place.
 D = Time resting spent in this place.
 E = Time spent auto-exploring this place.
 F = Levels seen in this place.
 G = Mean time per level.
                   A        B        C        D        E       F      G
               +--------+--------+--------+--------+--------+-----+--------+
         Total |   1766 |   1756 |     10 |    116 |   1119 |   3 |  588.7 |
       Dungeon |   1766 |   1756 |     10 |    116 |   1119 |   3 |  588.7 |
               +--------+--------+--------+--------+--------+-----+--------+

Top non-repeatable levels by time:
     D:1: 834 daAuts
     D:2: 764 daAuts
     D:3: 167 daAuts
